 Dungeon Crawl Stone Soup version 0.29-a0-541-gaf1fc19f1b (webtiles) character file.

Game seed: 5860818727488213060

4 Hubjo the Firebug (level 1, -2/11 HPs)
             Began as a Deep Elf Fire Elementalist on June 2, 2022.
             Was a Follower of Vehumet.
             Frozen to death by an endoplasm (4 damage)
             ... on level 1 of the Dungeon.
             The game lasted 00:01:06 (292 turns).

Hubjo the Firebug (Deep Elf Fire Elementalist)       Turns: 292, Time: 00:01:06

Health: -2/11      AC:  2    Str:  5    XL:     1   Next: 50%
Magic:  6/6        EV: 12    Int: 19    God:    Vehumet [*.....]
Gold:   16         SH:  0    Dex: 15    Spells: 5/6 levels left

rFire   . . .      SeeInvis .   c - +2 dagger (holy)
rCold   . . .      Faith    .   (no shield)
rNeg    . . .      Spirit   .   a - +0 robe
rPois   .          Reflect  .   (no helmet)
rElec   .          Harm     .   (no cloak)
rCorr   .          Rampage  .   (no gloves)
Will    .....                   (no boots)
Stlth   ++........              (no amulet)
HPRegen 0.03/turn               (no ring)
MPRegen 0.10/turn               (no ring)

@: no status effects
A: no striking features
a: Renounce Religion


You were on level 1 of the Dungeon.
You worshipped Vehumet.
Vehumet was aware of your devotion.
You visited 1 branch of the dungeon, and saw 1 of its levels.

You collected 16 gold pieces.

Inventory:

Hand Weapons
 c - a +2 dagger of holy wrath (weapon)
Armour
 a - a +0 robe (worn)
Potions
 b - a potion of magic


   Skills:
 * Level 0.3 Fighting
 - Level 2.4 Dodging
 + Level 2.5 Stealth
 + Level 3.1 Spellcasting
 - Level 1.1 Conjurations
 + Level 3.3 Fire Magic


You had 5 spell levels left.
You knew the following spells:

 Your Spells              Type           Power      Damage    Failure   Level
a - Foxfire               Conj/Fire      44%        2x1d6     6%          1

Your spell library contained the following spells:

 Spells                   Type           Power      Damage    Failure   Level
 Sandblast                Erth           4%         2d4       16%         1
 Scorch                   Fire           30%        2d6       6%          2
 Static Discharge         Conj/Air       5%         N/A       19%         2
 Conjure Flame            Conj/Fire      11%        6-21      19%         3
 Inner Flame              Hex/Fire       9%         N/A       22%         3
 Flame Wave               Conj/Fire      11%        2d5       52%         4
 Lightning Bolt           Conj/Air       2%         1d14      98%         5
 Maxwell's Capacitive Co  Air            1%         ∞         100%        8


Dungeon Overview and Level Annotations

Branches:
Dungeon (1/15)

Altars:
Vehumet


Message History

You pick up a book of Lightning and begin reading...
You add the spells Static Discharge, Lightning Bolt and Maxwell's Capacitive Coupling to your library.
A bat comes into view.
A bat is nearby!
A bat is nearby!
A bat is nearby!
You conjure some foxfire!
A bat is nearby!
A bat is nearby!
The foxfire hits the bat.
You kill the bat!
Vehumet accepts your kill.
You feel your power returning.
A goblin comes into view. It is wielding a +0 club.
Found a stone staircase leading down.
You enter the shallow water.
Moving in this stuff is going to be slow.
The goblin shouts!
The goblin barely misses you.
You hit the goblin.
You kill the goblin!
Vehumet accepts your kill.
Things that are here:
a +0 club; a goblin corpse
There is a stone staircase leading down here.
An endoplasm comes into view.
Found a leather armour.
An endoplasm is nearby!
An endoplasm is nearby!
An endoplasm is nearby!
The endoplasm closely misses you. The endoplasm freezes you.
You are frozen.
The endoplasm freezes you.
You are frozen.
The endoplasm hits you.
* * * LOW HITPOINT WARNING * * *
The endoplasm freezes you.
You are frozen.
You die...

### ...# ### #.... #.###
#...###...#
#...#..#.#####
#....>......#######..
#.##.##.............[
####.##)#####...@##..
..##.##.# #...##.J......
.^.#..#.##..#....#......
........##.##.##########
≈≈........≈##.#
#≈.≈.≈##≈#≈##.#
≈######≈8#.##.#
≈.._.≈.≈≈≈.##.#
≈.≈.≈≈≈##≈≈.


You could see an endoplasm.

Vanquished Creatures
  A goblin (D:1)
  2 bats (D:1)
  A kobold (D:1)
  A spectral goblin (D:1)
5 creatures vanquished.

Vanquished Creatures (others)
  20 foxfires (D:1)
20 creatures vanquished.

Grand Total: 25 creatures vanquished

Notes
Turn   | Place    | Note
-------+----------+-------------------------------------------
     0 | D:1      | Hubjo the Deep Elf Fire Elementalist began the quest for
                  | the Orb.
     0 | D:1      | Reached XP level 1. HP: 10/10 MP: 6/6
   142 | D:1      | Found a faded altar of an unknown god.
   224 | D:1      | Prayed at the altar of an unknown god.
   224 | D:1      | Became a worshipper of Vehumet
   224 | D:1      | Reached * piety under Vehumet
   224 | D:1      | Offered knowledge of Sandblast by Vehumet.
   292 | D:1      | Frozen to death by an endoplasm

Illustrated notes

Levels and vault maps discovered:
D:1:      heliophobic_arrival_battle_scene, layout_rooms,
          dreamdust_ecumenical_altar_drowned_temple, serial_rivers,
          chequers_serial_rivers_micro_a, chequers_serial_rivers_room_a,
          chequers_serial_rivers_micro_e, chequers_serial_rivers_micro_d,
          chequers_serial_rivers_large_b, chequers_serial_rivers_micro_c

Action                   || total
-------------------------++-------
Melee: Dagger            ||     1
 Cast: Foxfire           ||    13
Dodge: Dodged            ||     3

Table legend: (Time is in decaauts)
 A = Elapsed time spent in this place.
 B = Non-inter-level travel time spent in this place.
 C = Inter-level travel time spent in this place.
 D = Time resting spent in this place.
 E = Time spent auto-exploring this place.
 F = Levels seen in this place.
 G = Mean time per level.
                   A        B        C        D        E       F      G
               +--------+--------+--------+--------+--------+-----+--------+
         Total |    296 |    296 |      0 |      0 |    153 |   1 |  296.0 |
       Dungeon |    296 |    296 |      0 |      0 |    153 |   1 |  296.0 |
               +--------+--------+--------+--------+--------+-----+--------+

Top non-repeatable levels by time:
     D:1: 296 daAuts
